| TOP OF THE 1ST |
|
Detroit Tigers batting - Pitching for Montreal Expos : RHP Cheng-ho Hsu
|
|
Pitching: RHP Cheng-ho Hsu
|
|
|
Batting: LHB Dave Carlisle
|
0-0: Ball 1-0: Ball 2-0: Fly out, F7 (Flyball, 78M, EV 95.0 MPH)
|
|
Batting: RHB Victor Quinones
|
0-0: Called Strike 0-1: Ball 1-1: Ball 2-1: Swinging Strike 2-2: Strikes out swinging
|
|
Batting: LHB Conrad Taylor
|
0-0: Ball 1-0: Ball 2-0: SOLO HOME RUN (Flyball, 89XD, EV 101.2 MPH), Distance : 396 ft
|
|
Batting: RHB Chris Wheatley
|
0-0: Ball 1-0: Foul Ball, location: 2F 1-1: Called Strike 1-2: Strikes out swinging
|
| Top of the 1st over - 1 run, 1 hit, 0 errors, 0 left on base; Detroit 1 - Montreal 0 |
| BOTTOM OF THE 1ST |
|
Montreal Expos batting - Pitching for Detroit Tigers : RHP Aaron Vallejo
|
|
Pitching: RHP Aaron Vallejo
|
|
|
Batting: LHB Bill McGregor
|
0-0: Ball 1-0: Ball 2-0: Swinging Strike 2-1: Foul Ball, location: 2F 2-2: Fly out, F9 (Line Drive, 9LS, EV 95.0 MPH)
|
|
Batting: RHB Steve French
|
0-0: Foul Ball, location: 2F 0-1: Ball 1-1: Ball 2-1: Ball 3-1: Fly out, F9 (Line Drive, 9LS, EV 93.8 MPH)
|
|
Batting: SHB Joey Pacheco
|
0-0: Swinging Strike 0-1: Ball 1-1: Ground out 4-3 (Groundball, 34, EV 103.1 MPH)
|
| Bottom of the 1st over - 0 runs, 0 hits, 0 errors, 0 left on base; Detroit 1 - Montreal 0 |
| TOP OF THE 2ND |
|
Detroit Tigers batting - Pitching for Montreal Expos : RHP Cheng-ho Hsu
|
|
Batting: SHB Adam Weber
|
0-0: Ball 1-0: Ball 2-0: Fly out, F7 (Flyball, 7LD, EV 87.5 MPH)
|
|
Batting: RHB Dan Friess
|
0-0: Swinging Strike 0-1: Called Strike 0-2: Ball 1-2: Strikes out swinging
|
|
Batting: SHB Ross Holland
|
0-0: Swinging Strike 0-1: Ball 1-1: Swinging Strike 1-2: Strikes out swinging
|
| Top of the 2nd over - 0 runs, 0 hits, 0 errors, 0 left on base; Detroit 1 - Montreal 0 |
| BOTTOM OF THE 2ND |
|
Montreal Expos batting - Pitching for Detroit Tigers : RHP Aaron Vallejo
|
|
Batting: LHB Mark Marvin
|
0-0: Foul Ball, location: 2F 0-1: Called Strike 0-2: Foul Ball, location: 2F 0-2: Ball 1-2: SOLO HOME RUN (Flyball, 89XD, EV 100.6 MPH), Distance : 396 ft
|
|
Batting: LHB Steve Anderson
|
0-0: Ball 1-0: Called Strike 1-1: Swinging Strike 1-2: Fly out, F8 (Flyball, 8LXD, EV 96.2 MPH)
|
|
Batting: RHB Jonathan Fraire
|
0-0: Foul Ball, location: 2F 0-1: Foul Ball, location: 2F 0-2: Ball 1-2: Fly out, F7 (Flyball, 78M, EV 94.4 MPH)
|
|
Batting: SHB Lou Kroneman
|
0-0: Ball 1-0: Ball 2-0: Ball 3-0: Base on Balls
|
|
Batting: RHB John Ham
|
0-0: Called Strike 0-1: Ball 1-1: Fly out, F4 (Popup, 4S, EV 75.0 MPH)
|
| Bottom of the 2nd over - 1 run, 1 hit, 0 errors, 1 left on base; Detroit 1 - Montreal 1 |
| TOP OF THE 3RD |
|
Detroit Tigers batting - Pitching for Montreal Expos : RHP Cheng-ho Hsu
|
|
Batting: RHB Andres Leon
|
0-0: Ball 1-0: Ball 2-0: Called Strike 2-1: Foul Ball, location: 2F 2-2: Fly out, F6 (Line Drive, 6, EV 61.2 MPH)
|
|
Batting: RHB Sam Saunders
|
0-0: Foul Ball, location: 2F 0-1: Ball 1-1: Foul Ball, location: 2F 1-2: Strikes out swinging
|
|
Batting: LHB Dave Carlisle
|
0-0: Foul Ball, location: 2F 0-1: Called Strike 0-2: Strikes out looking
|
| Top of the 3rd over - 0 runs, 0 hits, 0 errors, 0 left on base; Detroit 1 - Montreal 1 |
| BOTTOM OF THE 3RD |
|
Montreal Expos batting - Pitching for Detroit Tigers : RHP Aaron Vallejo
|
|
Batting: RHB Eugênio Asceno
|
0-0: Ball 1-0: Foul Ball, location: 2F 1-1: Foul Ball, location: 2F 1-2: Ball 2-2: Ball 3-2: Foul Ball, location: 2F 3-2: Base on Balls
|
|
Batting: LHB Bill McGregor
|
0-0: Ball 1-0: Ball 2-0: Called Strike 2-1: Foul Ball, location: 2F 2-2: Ball 3-2: Foul Ball, location: 2F 3-2: Base on Balls Eugênio Asceno to second
|
|
Batting: RHB Steve French
|
0-0: Ball 1-0: Fly out, F9 (Flyball, 9LS, EV 92.5 MPH)
|
|
Batting: SHB Joey Pacheco
|
0-0: Ball 1-0: Swinging Strike 1-1: Grounds into double play, 6-4-3 (Groundball, 6M, EV 101.2 MPH)
|
| Bottom of the 3rd over - 0 runs, 0 hits, 0 errors, 1 left on base; Detroit 1 - Montreal 1 |
| TOP OF THE 4TH |
|
Detroit Tigers batting - Pitching for Montreal Expos : RHP Cheng-ho Hsu
|
|
Batting: RHB Victor Quinones
|
0-0: Called Strike 0-1: Fly out, F7 (Flyball, 7LDF, EV 100.0 MPH)
|
|
Batting: LHB Conrad Taylor
|
0-0: Called Strike 0-1: Ball 1-1: Foul Ball, location: 2F 1-2: Ball 2-2: Ball 3-2: Strikes out looking
|
|
Batting: RHB Chris Wheatley
|
0-0: Ball 1-0: Ball 2-0: Ball 3-0: Called Strike 3-1: Foul Ball, location: 2F 3-2: Strikes out looking
|
| Top of the 4th over - 0 runs, 0 hits, 0 errors, 0 left on base; Detroit 1 - Montreal 1 |
| BOTTOM OF THE 4TH |
|
Montreal Expos batting - Pitching for Detroit Tigers : RHP Aaron Vallejo
|
|
Batting: LHB Mark Marvin
|
0-0: Ball 1-0: Foul Ball, location: 2F 1-1: Ball 2-1: Called Strike 2-2: Fly out, F7 (Flyball, 78S, EV 91.2 MPH)
|
|
Batting: LHB Steve Anderson
|
0-0: Ball 1-0: Foul Ball, location: 2F 1-1: SINGLE (Line Drive, 89S, EV 94.4 MPH)
|
|
Batting: RHB Jonathan Fraire
|
0-0: Called Strike 0-1: Ball 1-1: Swinging Strike 1-2: Ball 2-2: Foul Ball, location: 2F 2-2: Ball 3-2: Foul Ball, location: 2F 3-2: Fly out, F8 (Flyball, 8LXD, EV 83.8 MPH)
|
|
Batting: SHB Lou Kroneman
|
0-0: Called Strike 0-1: Ball 1-1: SINGLE (Groundball, 56D, EV 95.6 MPH) Steve Anderson to second
|
|
Batting: RHB John Ham
|
0-0: SINGLE (Line Drive, 4D, EV 101.2 MPH) Steve Anderson to third Lou Kroneman to second
|
|
Batting: RHB Eugênio Asceno
|
0-0: Ball 1-0: Ground out 4-3 (Groundball, 4MD, EV 105.6 MPH)
|
| Bottom of the 4th over - 0 runs, 3 hits, 0 errors, 3 left on base; Detroit 1 - Montreal 1 |
| TOP OF THE 5TH |
|
Detroit Tigers batting - Pitching for Montreal Expos : RHP Cheng-ho Hsu
|
|
Batting: SHB Adam Weber
|
0-0: Ball 1-0: Ball 2-0: Foul Ball, location: 2F 2-1: Ball 3-1: Foul Ball, location: 2F 3-2: Foul Ball, location: 2F 3-2: SOLO HOME RUN (Flyball, 89XD, EV 103.8 MPH), Distance : 411 ft
|
|
Batting: RHB Dan Friess
|
0-0: Called Strike 0-1: Foul Ball, location: 2F 0-2: Strikes out swinging
|
|
Batting: SHB Ross Holland
|
0-0: Foul Ball, location: 2F 0-1: Ball 1-1: Fly out, F6 (Popup, 6, EV 75.6 MPH)
|
|
Batting: RHB Andres Leon
|
0-0: Ball 1-0: Foul Ball, location: 2F 1-1: Called Strike 1-2: Strikes out swinging
|
| Top of the 5th over - 1 run, 1 hit, 0 errors, 0 left on base; Detroit 2 - Montreal 1 |
| BOTTOM OF THE 5TH |
|
Montreal Expos batting - Pitching for Detroit Tigers : RHP Aaron Vallejo
|
|
Batting: LHB Bill McGregor
|
0-0: Foul Ball, location: 2F 0-1: Ground out 4-3 (Groundball, 34S, EV 89.4 MPH)
|
|
Batting: RHB Steve French
|
0-0: Ball 1-0: Foul Ball, location: 2F 1-1: Foul Ball, location: 2F 1-2: Ball 2-2: Ground out 5-3 (Groundball, 56, EV 83.1 MPH)
|
|
Batting: SHB Joey Pacheco
|
0-0: Called Strike 0-1: Foul Ball, location: 2F 0-2: Ball 1-2: Ball 2-2: Ball 3-2: Strikes out swinging
|
| Bottom of the 5th over - 0 runs, 0 hits, 0 errors, 0 left on base; Detroit 2 - Montreal 1 |
| TOP OF THE 6TH |
|
Detroit Tigers batting - Pitching for Montreal Expos : RHP Cheng-ho Hsu
|
|
Batting: RHB Sam Saunders
|
0-0: Ball 1-0: Ball 2-0: Ball 3-0: Base on Balls
|
|
Batting: LHB Dave Carlisle
|
0-0: Ball 1-0: Called Strike Sam Saunders steals 2nd, throwing error, E2 Sam Saunders to third 1-1: Intentional Walk
|
|
Batting: RHB Victor Quinones
|
0-0: Foul Ball, location: 2F 0-1: Swinging Strike 0-2: Ball 1-2: Foul Ball, location: 2F 1-2: Foul Ball, location: 2F 1-2: Strikes out swinging
|
|
Batting: LHB Conrad Taylor
|
0-0: Ball 1-0: Foul Ball, location: 2F 1-1: Ball 2-1: Fly out, F8 (Flyball, 89M, EV 85.0 MPH) Runner from 3rd tags up, SCORES, throw by CF
|
|
Batting: RHB Chris Wheatley
|
0-0: Called Strike 0-1: Ball 1-1: Ball 2-1: Ball 3-1: Fielders Choice at 2nd, 5-4 (Groundball, 56, EV 99.4 MPH)
|
| Top of the 6th over - 1 run, 0 hits, 1 error, 1 left on base; Detroit 3 - Montreal 1 |
| BOTTOM OF THE 6TH |
|
Montreal Expos batting - Pitching for Detroit Tigers : RHP Aaron Vallejo
|
|
Batting: LHB Mark Marvin
|
0-0: Called Strike 0-1: Ball 1-1: Foul Ball, location: 2F 1-2: Foul Ball, location: 2F 1-2: Ball 2-2: SINGLE (Line Drive, 78S, EV 101.9 MPH)
|
|
Batting: LHB Steve Anderson
|
0-0: Grounds into double play, 5-4-3 (Groundball, 56, EV 86.9 MPH)
|
|
Batting: RHB Jonathan Fraire
|
0-0: Fly out, F7 (Flyball, 78M, EV 82.5 MPH)
|
| Bottom of the 6th over - 0 runs, 1 hit, 0 errors, 0 left on base; Detroit 3 - Montreal 1 |
| TOP OF THE 7TH |
|
Detroit Tigers batting - Pitching for Montreal Expos : RHP Cheng-ho Hsu
|
|
Batting: SHB Adam Weber
|
0-0: SINGLE (Groundball, 6S, EV 64.4 MPH) (infield hit)
|
|
Batting: RHB Dan Friess
|
0-0: Called Strike 0-1: Ball 1-1: Foul Ball, location: 2F 1-2: Ball 2-2: Foul Ball, location: 2F 2-2: Foul Ball, location: 2F 2-2: SINGLE (Groundball, 56D, EV 103.1 MPH) Adam Weber to second
|
|
Batting: SHB Ross Holland
|
0-0: Ball 1-0: Sac Bunt to P - play at first, batter OUT! 1-3 Adam Weber to third Dan Friess to second
|
|
Batting: RHB Andres Leon
|
0-0: Called Strike 0-1: Ball 1-1: Ball 2-1: Called Strike 2-2: Strikes out swinging
|
|
Pitching: RHP Ben Sheets
|
|
|
Batting: RHB Sam Saunders
|
0-0: Ball 1-0: Foul Ball, location: 2F 1-1: Fly out, F8 (Flyball, 8LD, EV 101.2 MPH)
|
| Top of the 7th over - 0 runs, 2 hits, 0 errors, 2 left on base; Detroit 3 - Montreal 1 |
| BOTTOM OF THE 7TH |
|
Montreal Expos batting - Pitching for Detroit Tigers : RHP Aaron Vallejo
|
|
Batting: SHB Lou Kroneman
|
0-0: Foul Ball, location: 2F 0-1: Ball 1-1: Called Strike 1-2: Ball 2-2: Foul Ball, location: 2F 2-2: Strikes out swinging
|
|
Batting: RHB John Ham
|
0-0: Fly out, F7 (Flyball, 7S, EV 95.0 MPH)
|
|
Batting: RHB Eugênio Asceno
|
0-0: Ball 1-0: Ball 2-0: Swinging Strike 2-1: Ball 3-1: Base on Balls
|
|
Pitching: LHP Mike Tracy
|
|
|
Pinch Hitting: RHB Alex Diaz
|
0-0: Ball 1-0: Ball 2-0: Called Strike 2-1: Swinging Strike 2-2: Ball 3-2: Ground out 5-3 (Groundball, 56, EV 83.1 MPH)
|
| Bottom of the 7th over - 0 runs, 0 hits, 0 errors, 1 left on base; Detroit 3 - Montreal 1 |
| TOP OF THE 8TH |
|
Detroit Tigers batting - Pitching for Montreal Expos : RHP Ben Sheets
|
|
Now in RF: Austin Ohmer
|
|
|
Batting: LHB Dave Carlisle
|
0-0: Called Strike 0-1: Called Strike 0-2: Ball 1-2: Foul Ball, location: 2F 1-2: Foul Ball, location: 2F 1-2: Foul Ball, location: 2F 1-2: Foul Ball, location: 2F 1-2: Fly out, F7 (Flyball, 7D, EV 95.0 MPH)
|
|
Batting: RHB Victor Quinones
|
0-0: Ball 1-0: Swinging Strike 1-1: Fly out, F8 (Line Drive, 8LM, EV 104.4 MPH)
|
|
Batting: LHB Conrad Taylor
|
0-0: Ball 1-0: Swinging Strike 1-1: Swinging Strike 1-2: Ball 2-2: Strikes out looking
|
| Top of the 8th over - 0 runs, 0 hits, 0 errors, 0 left on base; Detroit 3 - Montreal 1 |
| BOTTOM OF THE 8TH |
|
Montreal Expos batting - Pitching for Detroit Tigers : LHP Mike Tracy
|
|
Pitching: RHP Luis Brown
|
|
|
Batting: RHB Steve French
|
0-0: Called Strike 0-1: Swinging Strike 0-2: Strikes out swinging
|
|
Batting: SHB Joey Pacheco
|
0-0: Ground out U3 (Groundball, 34, EV 87.5 MPH)
|
|
Batting: LHB Mark Marvin
|
0-0: Swinging Strike 0-1: Ball 1-1: Foul Ball, location: 2F 1-2: Ball 2-2: Ball 3-2: Base on Balls
|
|
Batting: LHB Steve Anderson
|
0-0: Ball 1-0: Ball 2-0: Called Strike 2-1: Ball 3-1: Called Strike 3-2: Base on Balls Mark Marvin to second
|
|
Batting: RHB Jonathan Fraire
|
0-0: Fly out, F7 (Line Drive, 7LM, EV 88.1 MPH)
|
| Bottom of the 8th over - 0 runs, 0 hits, 0 errors, 2 left on base; Detroit 3 - Montreal 1 |
| TOP OF THE 9TH |
|
Detroit Tigers batting - Pitching for Montreal Expos : RHP Ben Sheets
|
|
Pitching: RHP Nelson Dawson
|
|
|
Batting: RHB Chris Wheatley
|
0-0: Ball 1-0: Fly out, F8 (Flyball, 8LS, EV 88.8 MPH)
|
|
Batting: SHB Adam Weber
|
0-0: Called Strike 0-1: Ball 1-1: Ball 2-1: Ball 3-1: Fly out, F7 (Flyball, 78M, EV 92.5 MPH)
|
|
Batting: RHB Dan Friess
|
0-0: Called Strike 0-1: Ball 1-1: Foul Ball, location: 2F 1-2: Foul Ball, location: 2F 1-2: Ball 2-2: DOUBLE (Line Drive, 78XD, EV 103.8 MPH)
|
|
Batting: SHB Ross Holland
|
0-0: Called Strike 0-1: Called Strike 0-2: Foul Ball, location: 2F 0-2: Ball 1-2: Ball 2-2: Ball 3-2: Strikes out looking
|
| Top of the 9th over - 0 runs, 1 hit, 0 errors, 1 left on base; Detroit 3 - Montreal 1 |
| BOTTOM OF THE 9TH |
|
Montreal Expos batting - Pitching for Detroit Tigers : RHP Luis Brown
|
|
Pitching: RHP Bobby Wright
|
|
|
Batting: SHB Lou Kroneman
|
0-0: Foul Ball, location: 2F 0-1: Ball 1-1: Ball 2-1: Ball 3-1: Base on Balls
|
|
Batting: RHB John Ham
|
0-0: Ball 1-0: Ball 2-0: Called Strike 2-1: Swinging Strike 2-2: Foul Ball, location: 2F 2-2: Strikes out swinging
|
|
Batting: RHB Eugênio Asceno
|
0-0: Ball 1-0: Fly out, F8 (Flyball, 8LXD, EV 101.2 MPH)
|
|
Batting: LHB Austin Ohmer
|
0-0: Ground out 4-3 (Groundball, 13, EV 91.2 MPH)
|
| Bottom of the 9th over - 0 runs, 0 hits, 0 errors, 1 left on base; Detroit 3 - Montreal 1 |
|